 Dungeon Crawl Stone Soup version 0.30-a0-3-gc9032a9cac (webtiles) character file.

Game seed: 8769045807252100955

58 BritishOli the Trooper (level 3, 0/30 HPs)
             Began as a Demonspawn Fighter on Aug 20, 2022.
             Slain by a gnoll
             ... wielding a +0 flail
              (9 damage)
             ... on level 2 of the Dungeon.
             The game lasted 00:01:10 (1322 turns).

BritishOli the Trooper (Demonspawn Fighter)         Turns: 1322, Time: 00:01:10

Health: 0/30       AC:  6    Str: 18    XL:     3   Next: 75%
Magic:  3/3        EV:  9    Int:  9    God:
Gold:   60         SH:  0    Dex: 12    Spells: 2/2 levels left

rFire   . . .      SeeInvis .    a - +0 long sword
rCold   . . .      Faith    .    (no shield)
rNeg    . . .      Spirit   .    b - +0 scale mail
rPois   .          Reflect  .    (no helmet)
rElec   .          Harm     .    (no cloak)
rCorr   .          Rampage  .    (no gloves)
Will    .....                    (no boots)
Stlth   ..........               (no amulet)
HPRegen 0.10/turn                (no ring)
MPRegen 0.08/turn                (no ring)

@: no status effects
A: demonic touch 1
a: no special abilities


You were on level 2 of the Dungeon.
You visited 1 branch of the dungeon, and saw 2 of its levels.

You collected 60 gold pieces.

Inventory:

Hand Weapons
 a - a +0 long sword (weapon)
Armour
 b - a +0 scale mail (worn)
 c - a +0 buckler
Scrolls
 e - 2 scrolls of poison {unknown}
 g - 3 scrolls of fog {unknown}
 i - a scroll of enchant weapon {unknown}
 j - 2 scrolls of magic mapping {unknown}
 k - a scroll of fear {unknown}
 m - a scroll of noise {unknown}
 p - a scroll of identify {unknown}
Potions
 d - a potion of might
 f - 2 potions of curing {unknown}
 h - a potion of lignification {unknown}
 l - 2 potions of brilliance {unknown}
 n - a potion of invisibility {unknown}
 o - a potion of degeneration {unknown}
 q - a potion of heal wounds {unknown}


   Skills:
 * Level 3.7 Fighting
 - Level 2.1 Long Blades
 + Level 3.1 Armour
 - Level 2.9 Shields
 + Level 0.8 Unarmed Combat


You had 2 spell levels left.
You didn't know any spells.
Your spell library contained the following spells:

 Spells                   Type           Power      Damage    Failure   Level
 Ensorcelled Hibernation  Hex/Ice        0%         N/A       88%         2
 Spider Form              Tmut/Pois      0%         N/A       98%         3
 Anguish                  Hex/Necr       0%         N/A       100%        4
 Olgreb's Toxic Radiance  Pois           0%         N/A       100%        4
 Ozocubu's Refrigeration  Ice            0%         4d7       100%        7
 Ignition                 Fire           0%         3d3       100%        8


Dungeon Overview and Level Annotations

Branches:
Dungeon (2/15)

Altars:


Innate Abilities, Weirdness & Mutations

Your touch may inflict minor irresistible damage on your foes.


Message History

You closely miss the adder. Your touch misses the adder.
The adder is lightly wounded.
The adder bites you but does no damage. The adder barely misses you.
You miss the adder.
You touch the adder!
The adder is almost dead.
The adder bites you but does no damage.
You completely miss the adder.
The adder is almost dead.
The adder barely misses you. The adder bites you but does no damage.
You miss the adder.
You touch the adder.
You kill the adder!
You barely miss the rat.
You touch the rat.
You kill the rat!
There is an open door here.
Things that are here:
a rat corpse; an adder corpse You start resting.
HP restored.
Found a stone staircase leading down.
No target in view!
You open the door. 2 gnolls come into view.
A gnoll is wielding a +0 whip of pain.
The gnoll shouts!
You hear an angry hiss.
A gnoll comes into view. It is wielding a +0 flail.
The gnoll barely misses you.
A rat and a gnoll come into view.
The gnoll shouts! x2
There is an open door here.
There are monsters nearby!
You completely miss the gnoll. Your touch misses the gnoll.
The gnoll hits you with a +0 spear. x2; The gnoll hits you with a +0 flail.
There are monsters nearby!
You are too injured to fight recklessly!
You are too injured to fight recklessly!
The gnoll attacks as you move away! The gnoll hits you but does no damage.
The gnoll barely misses you. The gnoll attacks as you move away!
The gnoll hits you with a +0 flail!
* * * LOW HITPOINT WARNING * * *
The gnoll attacks as you move away! The gnoll hits you with a +0 flail!
You die...

#.## #.# .######
##†# ....... #..#
....... #..######
....... #†#.....#
....... ##.#.....#
......g
##..#######
.......##g@......#
#.ggg..8...>.#
#....##........#
....##. ##..######
.## #. ##.# #. #.#
## ..# ##


You could see 4 gnolls.

Vanquished Creatures
  2 adders (D:2)
  2 worms (D:2)
  4 bats
  An endoplasm (D:1)
  2 giant cockroaches (D:2)
  3 hobgoblins
  6 jackals (D:2)
  A kobold (D:2)
  2 quokkas (D:1)
  3 ball pythons
  3 frilled lizards
  A goblin (D:1)
  2 rats (D:2)
32 creatures vanquished.

Vanquished Creatures (others)
  2 plants (D:1)
2 creatures vanquished.

Grand Total: 34 creatures vanquished

Notes
Turn   | Place    | Note
-------+----------+-------------------------------------------
     0 | D:1      | BritishOli the Demonspawn Fighter began the quest for the
                  | Orb.
     0 | D:1      | Reached XP level 1. HP: 18/18 MP: 1/1
   146 | D:1      | Found a faded altar of an unknown god.
   298 | D:1      | Gained mutation: Your touch may inflict minor irresistible
                  | damage on your foes. [demonic ancestry]
   298 | D:1      | Reached XP level 2. HP: 23/24 MP: 2/2
   802 | D:2      | Reached XP level 3. HP: 26/29 MP: 3/3
  1322 | D:2      | Slain by a gnoll

Illustrated notes

Levels and vault maps discovered:
D:1:      minmay_arrival_wavy_path, layout_basic,
          shapermc_ecumenical_altar_mp_ritualfount, serial_bayou_crossing
D:2:      layout_basic, grunt_ministairs_14

Skill      XL: |  1  2 |
---------------+-------+-----
Long Blades    | 2 |  2.1
Armour         | 3 |  3.1
Fighting       | |  3.7
Shields        | |  2.9
Unarmed Combat | |  0.8

Action                   || total
-------------------------++-------
Melee: Long sword        ||   106
       Touch             ||     8
Armor: Scale mail        ||    71
Dodge: Dodged            ||    66
Block: Buckler           ||    10

Table legend: (Time is in decaauts)
 A = Elapsed time spent in this place.
 B = Non-inter-level travel time spent in this place.
 C = Inter-level travel time spent in this place.
 D = Time resting spent in this place.
 E = Time spent auto-exploring this place.
 F = Levels seen in this place.
 G = Mean time per level.
                   A        B        C        D        E       F      G
               +--------+--------+--------+--------+--------+-----+--------+
         Total |   1360 |   1346 |     14 |    251 |    833 |   2 |  680.0 |
       Dungeon |   1360 |   1346 |     14 |    251 |    833 |   2 |  680.0 |
               +--------+--------+--------+--------+--------+-----+--------+

Top non-repeatable levels by time:
     D:2: 821 daAuts
     D:1: 538 daAuts
